 Seeded DCSS version 0.29.1-13-g9f3cf754e1 (webtiles) character file.

Game seed: 6775323333420420401 (custom seed)

39 retardedninja the Conjurer (level 3, -2/26 HPs)
             Began as a Draconian Conjurer on Jan 20, 2023.
             Slain by a black bear (4 damage)
             ... on level 2 of the Dungeon.
             The game lasted 00:02:25 (1893 turns).

retardedninja the Conjurer (Draconian Conjurer)     Turns: 1893, Time: 00:02:25

Health: -2/26      AC:  5    Str:  9    XL:     3   Next: 26%
Magic:  1/6        EV: 12    Int: 20    God:
Gold:   81         SH:  0    Dex:  9    Spells: 3/6 levels left

rFire   . . .      SeeInvis .   b - +0 dagger
rCold   . . .      Faith    .   (no shield)
rNeg    . . .      Spirit   .   (body armour unavailable)
rPois   .          Reflect  .   (helmet restricted)
rElec   .          Harm     .   (no cloak)
rCorr   .          Rampage  .   (no gloves)
Will    .....                   (no boots)
Stlth   ++........              (no amulet)
HPRegen 0.08/turn               (no ring)
MPRegen 0.10/turn               (no ring)

@: no status effects
A: AC +5, unfitting armour, cold-blooded
a: no special abilities


You were on level 2 of the Dungeon.
You visited 1 branch of the dungeon, and saw 2 of its levels.

You collected 81 gold pieces.

Inventory:

Hand Weapons
 b - a +0 dagger (weapon)
Jewellery
 l - a +4 ring of evasion
Scrolls
 d - a scroll of enchant weapon {unknown}
 e - a scroll of blinking {unknown}
 f - 3 scrolls of teleportation {unknown}
 g - a scroll of acquirement {unknown}
 i - 2 scrolls of poison {unknown}
 j - 2 scrolls of immolation {unknown}
 k - 2 scrolls of identify {unknown}
Potions
 h - a potion of brilliance {unknown}


   Skills:
 + Level 2.2 Dodging
 + Level 2.3 Stealth
 + Level 2.4 Spellcasting
 + Level 4.3 Conjurations


You had 3 spell levels left.
You knew the following spells:

 Your Spells              Type           Power      Damage    Failure   Level
a - Magic Dart            Conj           76%        1d6       2%          1
b - Searing Ray           Conj           38%        2d5       3%          2

Your spell library contained the following spells:

 Spells                   Type           Power      Damage    Failure   Level
 Dazzling Flash           Conj/Hex       22%        N/A       19%         3
 Ensorcelled Hibernation  Hex/Ice        4%         N/A       22%         2
 Passwall                 Tmut/Erth      1%         N/A       22%         2
 Swiftness                Air            2%         N/A       41%         3
 Fulminant Prism          Conj/Hex       5%         3d7       52%         4
 Iskenderun's Mystic Bla  Conj/Tloc      11%        2d4       52%         4


Dungeon Overview and Level Annotations

Branches:
Dungeon (2/15)

Altars:


Innate Abilities, Weirdness & Mutations

Your plain brown scales are hard. (AC +5)
You cannot fit into any form of body armour.
You are cold-blooded and may be slowed by cold attacks.


Message History

The black bear misses you. The black bear claws you.
It was a potion of curing.
You feel better. The black bear barely misses you.
The black bear claws you but does no damage. x2
Casting: Searing Ray (safe; 4% risk of failure)
Confirm with . or Enter, or press ? or * to list all spells.
Aiming: Searing Ray (safe; 4% risk of failure)
Press: ? - help, Shift-Dir - straight line, f/p - black bear
Aim: a black bear (heavily wounded, 84% to hit)
The searing ray misses the black bear.
The searing ray hits the hobgoblin!
You kill the hobgoblin! (Press . to maintain the ray.)
The black bear bites you. The black bear barely misses you. x2
The black bear bites you but does no damage.
The black bear claws you. The black bear barely misses you.
You see here a rat corpse.
You see here a +0 dagger.
The black bear attacks as you move away!
The black bear bites you. The black bear closely misses you. x2
The black bear attacks as you move away!
The black bear bites you but does no damage.
The black bear claws you.
The black bear claws you but does no damage.
The black bear attacks as you move away!
The black bear bites you. The black bear claws you.
* * * LOW HITPOINT WARNING * * *
The black bear claws you but does no damage.
The black bear attacks as you move away!
The black bear bites you.
* * * LOW HITPOINT WARNING * * *
The black bear claws you.
* * * LOW HITPOINT WARNING * * *
The black bear barely misses you.
You feel better. The black bear bites you. The black bear closely misses you.
The black bear claws you.
You hit the black bear.
The black bear is heavily wounded.
The black bear bites you.
* * * LOW HITPOINT WARNING * * *
The black bear misses you. The black bear claws you.
You die...

..#.#.# #†# ##.#
....#.# ##.# .[
.[..#.###### #)^# #.
.#..#......#
######.## .#
.#..######.###....#.#
)##..# #..##......#
..#..## ##.##.....##
#.#......##.##..h.##
#.#.####........@.#
#.#.# ###...#....#
#.#.# ###.#....#
#...# #......# ###..
##..>### # ###.. #
###. # # #


You could see a black bear.

Vanquished Creatures
  An adder (D:2)
  2 dart slugs (D:1)
  3 bats
  2 endoplasms
  2 giant cockroaches
  2 goblins (D:1)
  3 hobgoblins
  A quokka (D:1)
  2 frilled lizards
  5 kobolds
  A rat (D:2)
24 creatures vanquished.

Notes
Turn   | Place    | Note
-------+----------+-------------------------------------------
     0 | D:1      | retardedninja the Draconian Conjurer began the quest for
                  | the Orb.
     0 | D:1      | Reached XP level 1. HP: 14/14 MP: 3/3
   606 | D:1      | Reached XP level 2. HP: 10/20 MP: 0/5
  1561 | D:2      | Reached XP level 3. HP: 21/26 MP: 2/6
  1719 | D:2      | Learned a level 2 spell: Searing Ray
  1859 | D:2      | Noticed a black bear
  1893 | D:2      | Slain by a black bear

Illustrated notes

Levels and vault maps discovered:
D:1:      lightli_arrival_maybe_door_vault, layout_loops_ring
D:2:      layout_rooms, minmay_split_cup_small, uniq_crazy_yiuf_cottage,
          uniq_robin

Skill      XL: |  1 |
---------------+----+-----
Dodging        | 2 |  2.2
Stealth        | 2 |  2.3
Spellcasting   | |  2.4
Conjurations   | |  4.3

Action                   || total
-------------------------++-------
Melee: Dagger            ||    26
       Unarmed           ||     7
       Tailslap          ||     1
 Cast: Magic Dart        ||    48
       Searing Ray       ||     5
  Use: Potion            ||     3
Armor: Skin              ||    25
Dodge: Dodged            ||    44
